 Dungeon Crawl Stone Soup version 0.30-a0-1053-gbd8d5ba0ad (webtiles) character file.

Game seed: 4196478088621333595

480 jimonade the Magician (level 7, -5/51 HPs)
             Began as a Gnoll Hedge Wizard on Apr 11, 2023.
             Killed from afar by a white imp (8 damage)
             ... with a puff of frost
             ... summoned by Eustachio
             ... on level 4 of the Dungeon.
             The game lasted 00:17:35 (5411 turns).

jimonade the Magician (Gnoll Hedge Wizard)          Turns: 5411, Time: 00:17:35

Health: -5/51      AC:  2    Str: 12    XL:     7   Next: 12%
Magic:  18/18      EV: 14    Int: 13    God:
Gold:   265        SH:  0    Dex: 17    Spells: 16/21 levels left

rFire   . . .      SeeInvis .    a - +2 dagger (venom)
rCold   . . .      Faith    .    (no shield)
rNeg    . . .      Spirit   .    C - +0 robe
rPois   .          Reflect  .    c - +0 hat
rElec   .          Rampage  .    (no cloak)
rCorr   .                        (no gloves)
Will    .....                    (no boots)
Stlth   +++                      (no amulet)
HPRegen 0.28/turn                q - +6 ring of dexterity
MPRegen 0.16/turn                (no ring)

@: studying Ice Magic
A: fangs 1, strong nose, distributed training
a: no special abilities


You were on level 4 of the Dungeon.
You visited 1 branch of the dungeon, and saw 4 of its levels.
You also visited: Ossuary.

You collected 265 gold pieces.

Inventory:

Hand Weapons
 a - a +2 dagger of venom (weapon)
 b - a +2 short sword of protection
 h - a +0 sling
 o - a +0 flail
 v - a +0 flail
 y - a +0 dagger
 J - a +0 trident
 L - a +4 dagger
Missiles
 e - 43 stones
 s - 2 throwing nets
 w - 16 boomerangs
Armour
 c - a +0 hat (worn)
 g - a +0 leather armour
 i - a +0 ring mail
 r - a +0 tower shield
 u - a +0 chain mail
 C - a +0 robe (worn)
Jewellery
 q - a +6 ring of dexterity (left hand)
Scrolls
 j - a scroll of vulnerability {unknown}
 k - 4 scrolls of identify
 m - a scroll of torment {unknown}
 n - 2 scrolls of magic mapping
 t - a scroll of enchant weapon {unknown}
 x - 2 scrolls of fear {unknown}
 z - 2 scrolls of noise {unknown}
 A - a scroll of immolation {unknown}
 F - 2 scrolls of poison {unknown}
Potions
 d - a potion of magic
 f - 4 potions of curing
 l - a potion of invisibility
 p - a potion of lignification
 B - a potion of mutation
 D - a potion of degeneration {unknown}
 E - a potion of flight {unknown}
 G - a potion of resistance {unknown}
 H - a potion of heal wounds {unknown}
 I - a potion of ambrosia {unknown}
 K - a potion of might {unknown}


   Skills:
 + Level 2.3 Fighting
 + Level 2.3 Short Blades
 + Level 2.3 Long Blades
 + Level 2.3 Axes
 + Level 2.3 Maces & Flails
 + Level 2.3 Polearms
 + Level 2.3 Staves
 + Level 2.3 Ranged Weapons
 + Level 2.3 Throwing
 + Level 2.3 Armour
 + Level 5.2 Dodging
 + Level 4.8 Stealth
 + Level 2.3 Shields
 + Level 2.3 Unarmed Combat
 + Level 7.5 Spellcasting
 + Level 2.9 Conjurations
 + Level 1.9 Hexes
 + Level 2.9 Summonings
 + Level 1.9 Necromancy
 + Level 2.9 Translocations
 + Level 1.9 Transmutations
 + Level 1.9 Fire Magic
 + Level 2.7 Ice Magic
 + Level 1.9 Air Magic
 + Level 1.9 Earth Magic
 + Level 1.9 Poison Magic
 + Level 2.6 Invocations
 + Level 2.3 Evocations


You had 16 spell levels left.
You knew the following spells:

 Your Spells              Type           Power      Damage    Failure   Level
a - Magic Dart            Conj           48%        1d5       4%          1
b - Blink                 Tloc           24%        N/A       6%          2
c - Call Imp              Summ           24%        N/A       6%          2

Your spell library contained the following spells:

 Spells                   Type           Power      Damage    Failure   Level
 Slow                     Hex            40%        N/A       6%          1
 Cigotuvi's Dreadful Rot  Necr/Pois/Air  20%        N/A       10%         2
 Mephitic Cloud           Conj/Pois/Air  10%        N/A       17%         3
 Manifold Assault         Tloc           12%        N/A       38%         4
 Animate Dead             Necr           10%        N/A       54%         4
 Borgnjor's Vile Clutch   Necr/Erth      5%         N/A       87%         5
 Death Channel            Necr           5%         N/A       100%        6
 Dispersal                Tloc           6%         N/A       100%        6
 Disjunction              Tloc           6%         N/A       100%        8


Dungeon Overview and Level Annotations

Branches:
Dungeon (4/15)            Ossuary (visited)
 Temple: D:4-7

Altars:

Annotations:
D:4 Eustachio


Innate Abilities, Weirdness & Mutations

You have very sharp teeth.
Your uncanny sense of smell can sniff out nearby items.
Your experience applies equally to all skills.


Message History

Eustachio blinks!
The river rat attacks as you move away! The river rat barely misses you.
The quokka attacks as you move away! The quokka closely misses you.
The white imp sputters.
The white imp gestures at you. The puff of frost misses you.
The puff of frost hits the quokka.
The quokka dies!
The quokka's corpse disappears in a puff of smoke!
The white imp hits you. The white imp freezes you.
Your cerulean imp hits the rat with a -3 spear.
The rat dies!
The rat's corpse disappears in a puff of smoke!
Things that are here:
a +0 short sword; a +0 ring mail; an orc corpse The white imp gestures at you.
The puff of frost hits you!
* * * LOW HITPOINT WARNING * * *
The white imp misses you.
Your cerulean imp barely misses the white imp.
The river rat bites you but does no damage.
The river rat attacks as you move away! The river rat barely misses you.
The white imp attacks as you move away! The white imp completely misses you.
The white imp hits your cerulean imp.
The white imp freezes your cerulean imp.
The white imp closely misses you.
Your cerulean imp hits the white imp but does no damage.
The river rat bites your cerulean imp.
Your cerulean imp dies!
Your cerulean imp disappears in a puff of smoke!
Eustachio mumbles some strange words.
Eustachio blinks!
There is an open door here.
The white imp attacks as you move away! The white imp barely misses you.
There's a creature in the doorway!
The white imp gestures at you. The puff of frost hits you!
* * * LOW HITPOINT WARNING * * *
The white imp gestures at you. The puff of frost hits you!
You die...

....#.## #.# *,,,,,,,* ....#.##
#.# *,,,,,,,* .......# #.#
***,,,*,,,* .......# #######,*
#$',,***,,+
.......######.<...#,*##.#,,,*,..*
>.................#,*#..#,,,,...*
..........#.#.....#,*#..#,,,...,*
..........#.#.....#,,+..####'###*
......#####.#...@.#**#.........#*
......#####.......####)).......#
##.........##......55'.).......#
#.........##.....####r)......##*
###...)...##.....#.............,
#.......##.....#.##........##*
#.......####.#.#.###########
#................##......#
######.........#..#......#####


You could see a white imp (summoned).

Vanquished Creatures
  A human zombie (Ossuary)
  A gnoll bouda (D:3)
  2 orc priests (D:4)
  An iguana (D:4)
  A hound zombie (Ossuary)
  A mummy (Ossuary)
  3 gnolls
  4 adders
  An adder zombie (Ossuary)
  2 worms (D:3)
  A dart slug (D:1)
  5 orcs
  5 endoplasms
  2 giant cockroaches (D:1)
  2 gnoll zombies (Ossuary)
  4 goblins
  6 hobgoblins
  2 jackals (D:1)
  2 quokkas
  4 ball pythons
  A bat (D:1)
  5 frilled lizards
  2 hobgoblin zombies (Ossuary)
  4 kobolds
  A kobold zombie (Ossuary)
  9 rats
  A rat zombie (Ossuary)
73 creatures vanquished.

Vanquished Creatures (collateral kills)
  An elf zombie (Ossuary)
  A hound (D:3)
  3 mummies (Ossuary)
  An adder (D:4)
  A gnoll (D:4)
  2 adder zombies (Ossuary)
  An orc (D:4)
  2 hobgoblins
12 creatures vanquished.

Grand Total: 85 creatures vanquished

Notes
Turn   | Place    | Note
-------+----------+-------------------------------------------
     0 | D:1      | jimonade the Gnoll Hedge Wizard began the quest for the
                  | Orb.
     0 | D:1      | Reached XP level 1. HP: 13/13 MP: 8/8
   180 | D:1      | Reached XP level 2. HP: 19/19 MP: 3/10
  1202 | D:1      | Reached XP level 3. HP: 25/25 MP: 9/11
  1595 | D:2      | Learned a level 2 spell: Blink
  1598 | D:2      | Learned a level 2 spell: Call Imp
  2052 | D:2      | Reached skill level 1 in Invocations
  2404 | D:3      | Reached skill level 1 in Fighting
  2404 | D:3      | Reached skill level 1 in Short Blades
  2404 | D:3      | Reached skill level 1 in Long Blades
  2404 | D:3      | Reached skill level 1 in Axes
  2404 | D:3      | Reached skill level 1 in Maces & Flails
  2404 | D:3      | Reached skill level 1 in Polearms
  2404 | D:3      | Reached skill level 1 in Staves
  2404 | D:3      | Reached skill level 1 in Ranged Weapons
  2404 | D:3      | Reached skill level 1 in Throwing
  2404 | D:3      | Reached skill level 1 in Armour
  2404 | D:3      | Reached skill level 1 in Shields
  2404 | D:3      | Reached skill level 1 in Unarmed Combat
  2404 | D:3      | Reached skill level 1 in Ice Magic
  2404 | D:3      | Reached skill level 1 in Evocations
  2460 | D:3      | Reached XP level 4. HP: 16/32 MP: 13/13
  2528 | D:3      | Found Fepnooc's Book Shop.
  3053 | D:3      | Reached skill level 1 in Hexes
  3053 | D:3      | Reached skill level 1 in Necromancy
  3053 | D:3      | Reached skill level 1 in Transmutations
  3053 | D:3      | Reached skill level 1 in Fire Magic
  3053 | D:3      | Reached skill level 1 in Air Magic
  3053 | D:3      | Reached skill level 1 in Earth Magic
  3053 | D:3      | Reached skill level 1 in Poison Magic
  3461 | D:4      | Found a sand-covered staircase.
  3468 | Ossuary  | Entered an ossuary
  3473 | Ossuary  | Reached XP level 5. HP: 37/37 MP: 8/14
  3524 | Ossuary  | Reached XP level 6. HP: 9/44 MP: 12/16
  3679 | Ossuary  | Reached skill level 5 in Dodging
  4615 | D:4      | Noticed a black bear
  5278 | D:4      | Upgraded the game from 0.30-a0-1043-g60ff8d5f49 to
                  | 0.30-a0-1053-gbd8d5ba0ad
  5309 | D:4      | Reached XP level 7. HP: 41/50 MP: 15/18
  5368 | D:4      | Noticed Eustachio
  5408 | D:4      | HP: 2/51 [white imp/puff of frost[Eustachio] (9)]
  5411 | D:4      | Killed from afar by a white imp

Illustrated notes

Levels and vault maps discovered:
D:1:      onia_arrival_mini_spirals, layout_basic, ebering_dispersal_statue_hall
D:2:      layout_rooms, nicolae_hexahallways
D:3:      kennysheep_big_flooded_room, layout_loops_cross, serial_shops,
          nicolae_shop_hallway_stairs
D:4:      layout_basic, zin_scriptorium, nicolae_overflow_crystal_walls,
          nicolae_ossuary_entry_monument, hangedman_decor_diamond_cutter,
          kennysheep_generic_room_8, uniq_eustachio

Skill      XL: |  1  2  3  4  5  6 |
---------------+-------------------+-----
Conjurations   | 2 |  2.9
Summonings     | 2 |  2.9
Translocations | 2 |  2.9
Invocations    | 1 2 |  2.6
Fighting       | 1 2 |  2.3
Short Blades   | 1 2 |  2.3
Long Blades    | 1 2 |  2.3
Axes           | 1 2 |  2.3
Maces & Flails | 1 2 |  2.3
Polearms       | 1 2 |  2.3
Staves         | 1 2 |  2.3
Ranged Weapons | 1 2 |  2.3
Throwing       | 1 2 |  2.3
Armour         | 1 2 |  2.3
Shields        | 1 2 |  2.3
Unarmed Combat | 1 2 |  2.3
Ice Magic      | 1 2 |  2.7
Evocations     | 1 2 |  2.3
Hexes          | 1 |  1.9
Necromancy     | 1 |  1.9
Transmutations | 1 |  1.9
Fire Magic     | 1 |  1.9
Air Magic      | 1 |  1.9
Earth Magic    | 1 |  1.9
Poison Magic   | 1 |  1.9
Dodging        | 5 |  5.2
Stealth        | |  4.8
Spellcasting   | |  7.5

Action                     |  1- 3 |  4- 6 |  7- 9 || total
---------------------------+-------+-------+-------++-------
  Melee: Dagger            |    36 |    90 |    21 ||   147
         Bite              |     7 |    19 |     1 ||    27
         Short sword       |       |    71 |       ||    71
         Punch             |       |     5 |     1 ||     6
   Cast: Magic Dart        |    82 |    48 |       ||   130
         Call Imp          |       |    26 |     1 ||    27
    Use: Scroll            |       |     9 |       ||     9
         Potion            |       |     2 |       ||     2
   Stab: Distracted        |       |     1 |       ||     1
         Invisible         |       |     1 |       ||     1
 Armour: Robe              |     7 |    61 |    10 ||    78
         Chain mail        |     8 |    22 |       ||    30
  Dodge: Dodged            |    21 |   148 |    30 ||   199

Table legend: (Time is in decaauts)
 A = Elapsed time spent in this place.
 B = Non-inter-level travel time spent in this place.
 C = Inter-level travel time spent in this place.
 D = Time resting spent in this place.
 E = Time spent auto-exploring this place.
 F = Levels seen in this place.
 G = Mean time per level.
                   A        B        C        D        E       F      G
               +--------+--------+--------+--------+--------+-----+--------+
         Total |   5403 |   5169 |    234 |   1110 |   2568 |   5 | 1080.6 |
       Dungeon |   4571 |   4337 |    234 |    621 |   2553 |   4 | 1142.8 |
       Ossuary |    832 |    832 |      0 |    489 |     15 |   1 |  832.0 |
               +--------+--------+--------+--------+--------+-----+--------+

Top non-repeatable levels by time:
     D:1: 1503 daAuts
     D:3: 1341 daAuts
     D:4: 899 daAuts
 Ossuary: 832 daAuts
     D:2: 826 daAuts
